 Dungeon Crawl Stone Soup version 0.19.3-1-g3169bf9 (webtiles) character file.

1259 Haldmier the Grappler (level 8, -5/74 HPs)
             Began as a Troll Monk on Jan 25, 2017.
             Was a Priest of Dithmenos.
             Slain by a centaur (7 damage)
             ... on level 6 of the Dungeon on Jan 26, 2017.
             The game lasted 00:13:23 (3616 turns).

Haldmier the Grappler (Troll Monk)                  Turns: 3616, Time: 00:13:24

Health: -5/74      AC:  7    Str: 20    XL:     8   Next: 27%
Magic:  7/7        EV: 11    Int:  6    God:    Dithmenos [***...]
Gold:   246        SH:  0    Dex: 14    Spells: 0 memorised, 7 levels left

rFire  . . .     SeeInvis +       - Unarmed
rCold  . . .     Gourm    +     a - +1 robe
rNeg   . . .     Faith    .     (no shield)
rPois  .         Spirit   .     (helmet restricted)
rElec  .         Reflect  .     y - +0 cloak
rCorr  .         Harm     .     (gloves unavailable)
MR     .....                    (boots unavailable)
Stlth  ++........               (no amulet)
                                k - ring of see invisible
                                t - ring of flight

@: wreathed by umbra
A: unfitting armour, claws 3, fast metabolism 3, gourmand, regeneration 1,
shaggy fur 1, tough skin 2
a: Shadow Step, Renounce Religion, Evoke Flight


You were on level 6 of the Dungeon.
You worshipped Dithmenos.
Dithmenos was most pleased with you.
You were very full.

You visited 2 branches of the dungeon, and saw 7 of its levels.

You collected 316 gold pieces.
You spent 70 gold pieces at shops.

Inventory:

Missiles
 i - 2 javelins (quivered)
 u - 3 tomahawks
Armour
 a - a +1 robe (worn)
 y - a +0 cloak (worn)
Jewellery
 k - a ring of see invisible (right claw)
 t - a ring of flight (left claw)
Scrolls
 c - 4 scrolls of remove curse
 d - 2 scrolls of enchant weapon
 g - a scroll of enchant armour
 x - a scroll of summoning {unknown}
Potions
 e - 3 potions of curing
 f - a potion of agility {unknown}
 m - a potion of resistance {unknown}
 o - a potion of cure mutation {unknown}
 p - a potion of berserk rage {unknown}
 q - 3 potions of heal wounds
 r - a potion of mutation {unknown}
 s - a potion of haste {unknown}
 w - a potion of lignification
 z - a potion of brilliance {unknown}
Comestibles
 b - 4 bread rations
 h - 5 meat rations
 j - a slice of pizza
 l - a beef jerky
 n - 2 chunks of flesh
 v - 11 fruits


   Skills:
 + Level 2.7 Fighting
 + Level 2.6 Dodging
 - Level 1.0 Stealth
 * Level 10.2 Unarmed Combat


You had 7 spell levels left.
You didn't know any spells.

Dungeon Overview and Level Annotations

Branches:
Dungeon (6/15)             Temple (1/1) D:4

Altars:
Ashenzari
Cheibriados
Dithmenos
Elyvilon
Fedhas
Kikubaaqudgha
Nemelex Xobeh
Okawaru
Ru
Sif Muna
Trog
Uskayaw
Vehumet
Yredelemnul
Zin
The Shining One

Shops:
D:4 (   D:5 *

Annotations:
D:4 shop behind statue \ wall


Innate Abilities, Weirdness & Mutations

You are too large for most types of armour.
You have claws for hands.
Your metabolism is lightning-fast.
You like to eat raw meat.
Your natural rate of healing is unusually fast.
You are covered in fur. (AC +1)
You have very tough skin. (AC +2)


Message History

You take 5 damage, and have 13/74 hp.
You mangle the gnoll!!
You kill the gnoll!
Dithmenos accepts your kill.
The centaur shoots an arrow.
The arrow hits you!
* * * LOW HITPOINT WARNING * * *
You take 11 damage, and have 2/74 hp.
The centaur unwields an uncursed shortbow.
The centaur barely misses you. x2
Items here: )) [ † a club; a scimitar; a robe; the orc corpse of Blork the orc You scratch the centaur but do no damage.
The gnoll hits you with a whip.
* * * LOW HITPOINT WARNING * * *
The centaur closely misses you.
You take 2 damage, and have 1/74 hp.
You barely miss the centaur. You claw the centaur.
The centaur is moderately wounded.
The centaur hits you!
You die...

# .%g..# # ....g# # ...g.#
####### ##### .....# #.....##
...(# .....# #.#....# ..#.#
##.5...# #.#.#..# ..#.# #......#
#.#.#..#
..#.#########.#g##########.#.#..#
...............c@(........÷...>.#
#.###.........######.####..##.###
#.............. #....# #.....#
#..##.........# #.#### #.#####
##.#####'###### #.# ####.####
#.## #.####.......# #..#
.#....#.####### ##.# .#....#.#
#.# #.#....#.#


You could see a centaur and a gnoll.

Vanquished Creatures
  An orc warrior (D:4)
  An ice beast (D:6)
  A sky beast (D:6)
  A phantom (D:6)
  3 centaurs
  2 bullfrogs
  Blork the orc (D:6)
  2 crimson imps (D:6)
  A quasit (D:6)
  An orc priest (D:5)
  Crazy Yiuf (D:6)
  A hound (D:6)
  A bullfrog skeleton (D:5)
  An orc wizard (D:5)
  A worker ant (D:6)
  2 hound skeletons
  A howler monkey zombie (D:5)
  A gnoll (D:6)
  6 adders
  An ooze (D:3)
  An adder skeleton (D:4)
  2 worms
  A dart slug (D:4)
  5 leopard geckos
  5 orcs
  10 bats
  5 giant cockroaches
  7 goblins
  9 hobgoblins
  7 jackals
  7 kobolds
  2 quokkas
  3 ball pythons
  A ball python skeleton (D:4)
  2 frilled lizards (D:2)
  6 rats
103 creatures vanquished.

Notes
Turn   | Place    | Note
-------+----------+-------------------------------------------
     0 | D:1      | Haldmier the Troll Monk began the quest for the Orb.
     0 | D:1      | Reached XP level 1. HP: 22/22 MP: 0/0
   109 | D:1      | Reached XP level 2. HP: 28/29 MP: 1/1
   417 | D:1      | Reached skill level 4 in Unarmed Combat
   882 | D:2      | Found a shattered altar of Ashenzari.
  1007 | D:2      | Reached XP level 3. HP: 36/36 MP: 2/2
  1124 | D:2      | Found a sparkling altar of Nemelex Xobeh.
  1544 | D:3      | Reached XP level 4. HP: 36/44 MP: 3/3
  1551 | D:3      | Reached skill level 5 in Unarmed Combat
  1557 | D:3      | Noticed a bullfrog
  1568 | D:3      | Killed a bullfrog
  1568 | D:3      | Reached XP level 5. HP: 42/50 MP: 4/4
  1794 | D:3      | Reached skill level 6 in Unarmed Combat
  1868 | D:3      | Found a blossoming altar of Fedhas.
  2111 | D:4      | Found a staircase to the Ecumenical Temple.
  2130 | Temple   | Entered the Ecumenical Temple
  2260 | Temple   | Became a worshipper of Dithmenos the Shadowed
  2260 | Temple   | Reached * piety under Dithmenos
  2260 | Temple   | Reached ** piety under Dithmenos
  2383 | D:4      | Found Wiguf's Weapon Shop.
  2632 | D:5      | Entered Level 5 of the Dungeon
  2723 | D:5      | Noticed a centaur
  2735 | D:5      | Killed a centaur
  2735 | D:5      | Reached skill level 7 in Unarmed Combat
  2735 | D:5      | Reached XP level 6. HP: 48/59 MP: 5/5
  2789 | D:5      | Noticed an orc warrior
  2844 | D:4      | Killed an orc warrior
  2985 | D:5      | Reached skill level 8 in Unarmed Combat
  3131 | D:5      | Found Aroybbox's General Store.
  3137 | D:5      | Bought a potion of heal wounds for 50 gold pieces
  3137 | D:5      | Bought a scroll of identify for 20 gold pieces
  3206 | D:6      | Reached XP level 7. HP: 65/66 MP: 6/6
  3315 | D:6      | Reached skill level 9 in Unarmed Combat
  3373 | D:6      | Found a runed door.
  3377 | D:6      | Noticed Crazy Yiuf
  3382 | D:6      | Killed Crazy Yiuf
  3461 | D:6      | Reached XP level 8. HP: 74/74 MP: 7/7
  3476 | D:6      | Reached skill level 10 in Unarmed Combat
  3587 | D:6      | Noticed Blork the orc
  3606 | D:6      | Killed Blork the orc
  3610 | D:6      | Reached *** piety under Dithmenos
  3613 | D:6      | HP: 2/74 [centaur/arrow (11)]
  3616 | D:6      | Slain by a centaur

Skill      XL: |  1  2  3  4  5  6  7  8 |
---------------+-------------------------+-----
Unarmed Combat | 4 5 7 8 9 10 | 10.2
Fighting       | |  2.7
Dodging        | |  2.6
Stealth        | |  1.0

Action                   |  1- 3 |  4- 6 |  7- 9 || total
-------------------------+-------+-------+-------++-------
Melee: Unarmed           |   113 |   114 |    82 ||   309
       Punch             |       |     4 |     6 ||    10
Throw: Javelin           |       |       |     1 ||     1
  Use: Scroll            |       |    10 |       ||    10
 Stab: Sleeping          |     4 |     2 |     1 ||     7
  Eat: Chunk             |    20 |    15 |     3 ||    38
Armor: Robe              |    49 |    29 |    35 ||   113
Dodge: Dodged            |    61 |    59 |    61 ||   181
